 Dungeon Crawl Stone Soup version 0.29.1-1-gd02db6906a (webtiles) character file.

Game seed: 10670151483397892603

92 groovy9 the Shooter (level 4, -3/34 HPs)
             Began as a Formicid Hunter on Sept 18, 2022.
             Slain by a gnoll
             ... wielding a +0 halberd
              (6 damage)
             ... on level 3 of the Dungeon.
             The game lasted 00:03:36 (1138 turns).

groovy9 the Shooter (Formicid Hunter)               Turns: 1138, Time: 00:03:36

Health: -3/34      AC:  6    Str: 15    XL:     4   Next: 90%
Magic:  4/4        EV: 12    Int:  9    God:
Gold:   132        SH:  0    Dex: 19    Spells: 3/3 levels left

rFire   . . .      SeeInvis +   a - +1 shortbow (venom)
rCold   . . .      Faith    .   (no shield)
rNeg    . . .      Spirit   .   c - +0 leather armour
rPois   .          Reflect  .   (helmet unavailable)
rElec   .          Harm     .   j - +2 cloak
rCorr   .          Rampage  .   (no gloves)
Will    .....                   (no boots)
Stlth   ++........              h - amulet of the acrobat
HPRegen 0.11/turn               (no ring)
MPRegen 0.09/turn               (no ring)

@: no status effects
A: permanent stasis, dig shafts and tunnels, antennae 3, four strong arms
a: Dig, Shaft Self


You were on level 3 of the Dungeon.
You visited 1 branch of the dungeon, and saw 3 of its levels.

You collected 132 gold pieces.

Inventory:

Hand Weapons
 a - a +1 shortbow of venom (weapon)
Armour
 c - a +0 leather armour (worn)
 j - a +2 cloak (worn)
Jewellery
 h - an amulet of the acrobat (around neck)
Scrolls
 b - 2 scrolls of immolation
 d - 2 scrolls of enchant weapon
 k - a scroll of amnesia {unknown}
 m - a scroll of teleportation {unknown}
Potions
 e - 3 potions of curing
 f - 2 potions of attraction
 g - a potion of might {unknown}
 i - a potion of brilliance {unknown}
 l - a potion of resistance {unknown}
 n - a potion of heal wounds {unknown}


   Skills:
 + Level 2.8 Fighting
 * Level 4.7 Ranged Weapons
 + Level 1.5 Armour
 + Level 2.3 Dodging
 + Level 2.4 Stealth


You had 3 spell levels left.
You didn't know any spells.
Your spell library contained the following spells:

 Spells                   Type           Power      Damage    Failure   Level
 Ensorcelled Hibernation  Hex/Ice        0%         N/A       58%         2
 Spider Form              Tmut/Pois      0%         N/A       83%         3
 Anguish                  Hex/Necr       0%         N/A       99%         4


Dungeon Overview and Level Annotations

Branches:
Dungeon (3/15)

Altars:

Shops:
D:2 !


Innate Abilities, Weirdness & Mutations

You cannot be hasted, slowed, berserked, paralysed or teleported.
You can dig through walls and to a lower floor.
You have a pair of large antennae on your head. (SInv)
Your four strong arms can wield two-handed weapons with a shield.


Message History

You hear a shout!
A gnoll comes into view. It is wielding a +0 club.
You hear a shout!
You shoot an arrow. The arrow hits the gnoll.
The gnoll is moderately wounded.
The gnoll barely misses you.
You shoot an arrow. The arrow barely misses the gnoll.
The arrow completely misses the gnoll.
The gnoll hits you from afar with a +0 halberd!
The gnoll hits you from afar with a +0 halberd.
You are too injured to fight recklessly!
You are too injured to fight recklessly!
You are too injured to fight recklessly!
Fire: a) +1 shortbow (venom)
Press: ? - help, Q - select action, (/) - cycle Shift-Dir - straight line, f/p - gnoll
Aim: a gnoll, wielding a +0 halberd (heavily wounded, very poisoned, 69% to hit)
You shoot an arrow. The arrow barely misses the gnoll.
The arrow hits the gnoll!
The gnoll is poisoned.
The gnoll is almost dead.
The gnoll hits you from afar with a +0 halberd.
A gnoll comes into view. It is wielding a +0 spear of venom.
Fire: a) +1 shortbow (venom)
Press: ? - help, Q - select action, (/) - cycle Shift-Dir - straight line, f/p - gnoll
Aim: a gnoll, wielding a +0 halberd (severely wounded, very poisoned, 69% to hit)
You shoot an arrow. The arrow closely misses the gnoll.
The arrow hits the gnoll but does no damage.
The gnoll is almost dead.
The gnoll hits you from afar with a +0 halberd.
Fire: a) +1 shortbow (venom)
Press: ? - help, Q - select action, (/) - cycle Shift-Dir - straight line, f/p - gnoll
Aim: a gnoll, wielding a +0 halberd (severely wounded, very poisoned, 69% to hit)
You shoot an arrow. The arrow completely misses the gnoll.
The arrow hits the gnoll.
You kill the gnoll!
The gnoll hits you from afar with a +0 halberd!
* * * LOW HITPOINT WARNING * * *
A ball python comes into view.
The gnoll hits you from afar with a +0 halberd.
You die...

.
##S
#..
#)#
#g#
#g#
#.#
#@#
###


You could see 2 gnolls and a ball python (wandering).

Vanquished Creatures
  2 gnolls (D:3)
  4 adders (D:2)
  A worm (D:2)
  A dart slug (D:2)
  3 endoplasms
  3 goblins
  5 hobgoblins
  3 jackals (D:1)
  A ball python (D:2)
  2 bats (D:2)
  4 frilled lizards
  3 kobolds
  4 rats
36 creatures vanquished.

Notes
Turn   | Place    | Note
-------+----------+-------------------------------------------
     0 | D:1      | groovy9 the Formicid Hunter began the quest for the Orb.
     0 | D:1      | Reached XP level 1. HP: 16/16 MP: 1/1
   125 | D:1      | Reached XP level 2. HP: 22/23 MP: 2/2
   582 | D:2      | Reached XP level 3. HP: 28/28 MP: 3/3
   734 | D:2      | Reached skill level 1 in Armour
   734 | D:2      | Reached XP level 4. HP: 34/34 MP: 4/4
   786 | D:2      | Found Ruystrez's Distillery.
  1138 | D:3      | Slain by a gnoll

Illustrated notes

Levels and vault maps discovered:
D:1:      pf_arrival_petrified_forest, layout_loops_ring
D:2:      layout_rooms, serial_shops, shop_coins
D:3:      layout_basic, portal_sewer_entry_a, ebering_ecumenical_altar_box,
          minmay_misc_feat_pillars, nicolae_eternal_life

Skill      XL: |  1  2  3 |
---------------+----------+-----
Dodging        | 2 |  2.3
Stealth        | 2 |  2.4
Armour         | 1 |  1.5
Fighting       | |  2.8
Ranged Weapons | |  4.7

Action                   |  1- 3 |  4- 6 || total
-------------------------+-------+-------++-------
 Fire: Shortbow          |    50 |    24 ||    74
 Abil: Dig               |     2 |       ||     2
  Use: Scroll            |     4 |       ||     4
Armor: Leather armour    |     4 |       ||     4
Dodge: Dodged            |    14 |     1 ||    15
